 Dungeon Crawl Stone Soup version 0.22-a0-467-g5c5de1c (webtiles) character file.

63 Laiders72 the Shield-Bearer (level 4, -1/35 HPs)
             Began as a Formicid Fighter on June 10, 2018.
             Was an Initiate of Makhleb.
             Slain by a hobgoblin
             ... wielding a cursed +0 club
             ... led by Robin
              (5 damage)
             ... on level 2 of the Dungeon.
             The game lasted 00:05:38 (1063 turns).

Laiders72 the Shield-Bearer (Formicid Fighter)      Turns: 1063, Time: 00:05:38

Health: -1/35      AC:  7    Str: 20    XL:     4   Next: 31%
Magic:  4/4        EV:  8    Int:  8    God:    Makhleb [......]
Gold:   91         SH:  9    Dex: 11    Spells: 3/3 levels left

rFire    . . .     SeeInvis +   a - +0 flail
rCold    . . .     Gourm    .   c - +0 shield
rNeg     . . .     Faith    .   b - +0 scale mail
rPois    .         Spirit   .   (helmet unavailable)
rElec    .         Reflect  .   (no cloak)
rCorr    .         Harm     .   (no gloves)
MR       .....                  (no boots)
Stlth    ..........             (no amulet)
HPRegen  0.11/turn              (no ring)
MPRegen  0.09/turn              (no ring)

@: no status effects
A: permanent stasis, dig shafts and tunnels, four strong arms, antennae 3
a: Dig, Shaft Self, Renounce Religion


You were on level 2 of the Dungeon.
You worshipped Makhleb.
Makhleb was noncommittal.
You were hungry.

You visited 1 branch of the dungeon, and saw 2 of its levels.

You collected 91 gold pieces.

Inventory:

Hand Weapons
 a - a +0 flail (weapon)
Missiles
 i - 39 stones (quivered)
Armour
 b - a +0 scale mail (worn)
 c - a +0 shield (worn)
Scrolls
 e - a scroll of random uselessness {unknown}
 g - a scroll of magic mapping {unknown}
 h - a scroll of remove curse {unknown}
 j - 3 scrolls of identify {unknown}
 l - a scroll of teleportation {unknown}
Comestibles
 f - 5 rations


   Skills:
 + Level 3.5 Fighting
 * Level 2.8 Maces & Flails
 + Level 3.9 Armour
 - Level 0.3 Dodging
 * Level 4.4 Shields


You had 3 spell levels left.
You didn't know any spells.
Your spell library was empty.

Dungeon Overview and Level Annotations

Branches:
Dungeon (2/15)

Altars:
Fedhas
Kikubaaqudgha
Makhleb

Annotations:
D:2 Robin


Innate Abilities, Weirdness & Mutations

You cannot be hasted, slowed, berserked, paralysed or teleported.
You can dig through walls and to a lower floor.
Your four strong arms can wield two-handed weapons with a shield.
You have a pair of large antennae on your head. (SInv)


Message History

The hobgoblin is heavily wounded.
The hobgoblin no longer looks unusually strong.
You block the hobgoblin's attack.
The hobgoblin hits you but does no damage.
You hit the hobgoblin.
You kill the hobgoblin!
Makhleb accepts your kill.
The hobgoblin no longer looks unusually strong.
You block the hobgoblin's attack. Robin hits you but does no damage.
You sock Robin!
Robin is heavily wounded.
The hobgoblin hits you but does no damage.
Robin roars a battlecry!
The hobgoblins go into a battle-frenzy!
You block the hobgoblin's attack.
You hit Robin.
Robin is heavily wounded.
Robin says, "My goblins will feast on your bones."
Robin misses you. The hobgoblin hits you with a club.
You die...

)#### #. #.## ##.#
g...# #..###..#
{##.# ###...###
.##{##### #.###
.gg{....# #.#
#{#####.# #.# #.#
#.###### #.# ..#
#......###g# #.#
#.##...ggg@#
#.#####.##...#####
#.......######
#########


You could see Robin and 3 hobgoblins.

Vanquished Creatures
  2 oozes (D:1)
  3 dart slugs
  A ball python (D:1)
  5 bats
  3 giant cockroaches
  10 goblins
  4 hobgoblins
  2 jackals (D:1)
  2 frilled lizards (D:1)
  8 kobolds
  6 rats
46 creatures vanquished.

Notes
Turn   | Place    | Note
-------+----------+-------------------------------------------
     0 | D:1      | Laiders72 the Formicid Fighter began the quest for the Orb.
     0 | D:1      | Reached XP level 1. HP: 18/18 MP: 1/1
   169 | D:1      | Reached XP level 2. HP: 23/24 MP: 2/2
   336 | D:1      | Reached XP level 3. HP: 23/29 MP: 3/3
   456 | D:1      | Reached skill level 4 in Shields
   788 | D:2      | Found a burning altar of Makhleb.
   846 | D:2      | Became a worshipper of Makhleb the Destroyer
   872 | D:2      | Reached XP level 4. HP: 35/35 MP: 4/4
   968 | D:2      | Found a blossoming altar of Fedhas.
   971 | D:2      | Found an ancient bone altar of Kikubaaqudgha.
   989 | D:2      | Noticed Robin
  1063 | D:2      | Slain by a hobgoblin

Vault maps used:
D:1:      lightli_arrival_quake
D:2:      grunt_temple_overflow_growth_and_decay, old_standard_altar,
          first_ration, uniq_robin

Skill      XL: |  1  2  3 |
---------------+----------+-----
Shields        | 4 |  4.4
Fighting       | |  3.5
Maces & Flails | |  2.8
Armour         | |  3.9
Dodging        | |  0.3

Action                   |  1- 3 |  4- 6 || total
-------------------------+-------+-------++-------
Melee: Flail             |   121 |    45 ||   166
  Use: Potion            |       |     2 ||     2
Armor: Scale mail        |    73 |    30 ||   103
Dodge: Dodged            |    46 |    30 ||    76
Block: Shield            |    75 |    52 ||   127

Table legend:
 A = Spawn XP
 B = Non-spawn XP
 C = Spawn XP percentage of total XP
 D = Spawn monster count
 E = Non-spawn monster count
 F = Spawn count percentage of total count
 G = Total turns spent on level
                    A         B        C        D         E        F      G
               +---------+---------+-------+---------+---------+-------+---------
         Total |       0 |      91 |   0.0 |       0 |      46 |   0.0 |  1063
               +---------+---------+-------+---------+---------+-------+---------
           D:1 |       0 |      58 |   0.0 |       0 |      29 |   0.0 |   765
           D:2 |       0 |      33 |   0.0 |       0 |      17 |   0.0 |   298
               +---------+---------+-------+---------+---------+-------+---------
